 Dungeon Crawl Stone Soup version 0.22.0-6-g71bd7aa (webtiles) character file.

6 Lauz the Covered (level 1, -2/17 HPs)
             Began as a Gnoll Wanderer on Aug 15, 2018.
             Slain by a kobold (3 damage)
             ... on level 1 of the Dungeon.
             The game lasted 00:00:46 (39 turns).

Lauz the Covered (Gnoll Wanderer)                     Turns: 39, Time: 00:00:47

Health: -2/17      AC:  9    Str: 14    XL:     1   Next: 90%
Magic:  4/4        EV:  9    Int: 12    God:
Gold:   0          SH:  0    Dex: 16    Spells: 5/5 levels left

rFire    . . .     SeeInvis .   c - +0 dagger
rCold    . . .     Gourm    .   (no shield)
rNeg     . . .     Faith    .   a - +2 scale mail
rPois    .         Spirit   .   (no helmet)
rElec    .         Reflect  .   (no cloak)
rCorr    .         Harm     .   (no gloves)
MR       .....                  (no boots)
Stlth    ..........             (no amulet)
HPRegen  0.05/turn              (no ring)
MPRegen  0.09/turn              (no ring)

@: no status effects
A: distributed training, fangs 1, strong nose
a: no special abilities


You were on level 1 of the Dungeon.
You were not hungry.

You visited 1 branch of the dungeon, and saw 1 of its levels.

Inventory:

Hand Weapons
 c - a +0 dagger (weapon)
Armour
 a - a +2 scale mail (worn)
Potions
 b - 2 potions of agility {unknown}
Comestibles
 d - a ration


   Skills:
 + Level 2.4 Fighting
 + Level 0.1 Short Blades
 + Level 0.1 Long Blades
 + Level 0.1 Axes
 + Level 0.1 Maces & Flails
 + Level 0.1 Polearms
 + Level 0.1 Staves
 + Level 0.1 Slings
 + Level 2.4 Bows
 + Level 0.1 Crossbows
 + Level 0.1 Throwing
 + Level 6.4 Armour
 + Level 0.1 Dodging
 + Level 0.1 Stealth
 + Level 0.1 Shields
 + Level 0.1 Unarmed Combat
 + Level 2.6 Spellcasting
 + Level 0.1 Conjurations
 + Level 0.1 Hexes
 + Level 0.1 Charms
 + Level 0.1 Summonings
 + Level 0.1 Necromancy
 + Level 0.1 Translocations
 + Level 0.1 Transmutations
 + Level 3.6 Fire Magic
 + Level 0.1 Ice Magic
 + Level 0.1 Air Magic
 + Level 0.1 Earth Magic
 + Level 0.1 Poison Magic
 + Level 0.2 Invocations
 + Level 4.4 Evocations


You had 5 spell levels left.
You didn't know any spells.
Your spell library contained the following spells:

 Spells                   Type           Power        Failure   Level  Hunger
 Sting                    Conj/Pois      #...         65%         1    #......
 Spider Form              Tmut/Pois      #.........   95%         3    ###....


Dungeon Overview and Level Annotations

Branches:
Dungeon (1/15)

Altars:


Innate Abilities, Weirdness & Mutations

Your experience applies equally to all skills.
You have very sharp teeth.
Your uncanny sense of smell can sniff out nearby items.


Message History

You hit the ooze but do no damage.
The ooze is heavily wounded.
The kobold barely misses you. The gnoll hits you but does no damage.
The kobold hits you.
* * * LOW HITPOINT WARNING * * *
The ooze hits you but does no damage. The kobold hits you but does no damage.
You hit the ooze.
The ooze is severely wounded.
The kobold barely misses you. The gnoll hits you but does no damage.
The ooze hits you but does no damage.
The kobold hits you but does no damage. x2
You hit the ooze.
The ooze is almost dead.
The gnoll hits you but does no damage. The kobold hits you but does no damage.
The ooze hits you but does no damage.
The kobold hits you but does no damage. x2
You hit the ooze.
You kill the ooze!
The hobgoblin barely misses you. The kobold hits you.
* * * LOW HITPOINT WARNING * * *
The gnoll barely misses you. The kobold hits you.
You die...

♣.....P.≈# #.#
♣♣...PPP≈###.########
#♣.♣.....P.♣##.........#
.≈....<....≈...........##
#♣.P.....P.♣#...........#
#≈PPP...PPP≈#......>.....
#≈.P.....P.≈##?..........
#≈≈≈≈♣≈♣≈≈≈≈##...K.......
######.#######..@.g......
... ......gKK....... ....
...............#
..#............. .
#####......... ..........
.......... ...........


You could see a gnoll, a hobgoblin and 3 kobolds.

Vanquished Creatures
  An ooze (D:1)
  A frilled lizard (D:1)
  A rat (D:1)
3 creatures vanquished.

Notes
Turn   | Place    | Note
-------+----------+-------------------------------------------
     0 | D:1      | Lauz the Gnoll Wanderer began the quest for the Orb.
     0 | D:1      | Lauz set off with: a +2 scale mail, a +0 dagger, a ration
     0 | D:1      | Reached XP level 1. HP: 17/17 MP: 4/4
    39 | D:1      | Slain by a kobold

Action                   || total
-------------------------++-------
Melee: Dagger            ||    14
       Bite              ||     1
Armor: Scale mail        ||    31
Dodge: Dodged            ||    21
